 Dungeon Crawl Stone Soup version 0.23.2 (webtiles) character file.

Game seed: 6018015074097974773

213450 Chiseanne the Warrior (level 17, -4/145 HPs)
             Began as a Demonspawn Wanderer on Apr 3, 2019.
             Was an Initiate of Gozag.
             Killed from afar by a deep elf knight (9 damage)
             ... with a stone arrow
             ... on level 1 of the Vaults.
             The game lasted 01:34:41 (40703 turns).

Chiseanne the Warrior (Demonspawn Wanderer)        Turns: 40703, Time: 01:34:41

Health: -4/145     AC: 26    Str: 19    XL:     17   Next: 81%
Magic:  27/27      EV: 19    Int: 14    God:    Gozag
Gold:   2131       SH: 15    Dex: 26    Spells: 28/29 levels left

rFire    + . .     SeeInvis +   a - +9 flail (protect)
rCold    + + +     Gourm    .   Z - +3 buckler {AC+3}
rNeg     + + +     Faith    .   T - +2 chain mail of Decompression {MR+++}
rPois    +         Spirit   .   P - -2 hat of the Alchemist {rElec rPois rF+ rC+ rN+ MR+ rMut rCorr}
rElec    +         Reflect  +   M - +2 cloak
rCorr    +         Harm     .   O - +1 pair of gloves of Subjectivity {Str-2 Dex+7}
rMut     +                      (boots unavailable)
MR       +++++                  d - +4 amulet of reflection
Stlth    ..........             r - ring "Weuzosh" {rElec rN++ Dex+3}
HPRegen  0.34/turn              o - ring "Mifroffu" {rC++ SInv}
MPRegen  0.20/turn

@: mighty, gold aura
A: hooves 3, slimy green scales 2, demonic guardian 3, negative energy
resistance 1, spiny 3
}: 2/15 runes: decaying, gossamer
a: Potion Petition, Call Merchant, Bribe Branch, Renounce Religion


You were on level 1 of the Vaults.
You worshipped Gozag.
Gozag was most pleased with you.
You were very hungry.

You visited 6 branches of the dungeon, and saw 31 of its levels.
You also visited: Ossuary and Bailey.

You collected 16131 gold pieces.
You spent 5338 gold pieces at shops.
You paid 8662 gold pieces to Gozag.

Inventory:

Hand Weapons
 a - a +9 flail of protection (weapon)
 s - the +8 morningstar of Annihilation {crush, rElec rPois MR+ Str-2}
   (You found it on level 5 of the Lair of Beasts)

   It inflicts extra damage upon your enemies.
   It affects your strength (-2).
   It insulates you from electricity.
   It protects you from poison.
   It affects your resistance to hostile enchantments.
 w - the +10 hand crossbow "Jomy" {elec, Int+3}
   (You bought it in a shop on level 15 of the Dungeon)

   It charges the ammunition it shoots with electricity; occasionally upon a
   hit, such missiles may discharge and cause terrible harm.
   It affects your intelligence (+3).
Missiles
 h - 6 tomahawks of dispersal (quivered)
 t - 451 bolts
 K - 7 throwing nets
Armour
 M - a +2 cloak (worn)
 O - the +1 pair of gloves of Subjectivity (worn) {Str-2 Dex+7}
   (You found it on level 7 of the Dungeon)

   It affects your strength (-2).
   It affects your dexterity (+7).
 P - the -2 hat of the Alchemist (worn) {rElec rPois rF+ rC+ rN+ MR+ rMut rCorr}
   (You bought it in a shop on level 9 of the Dungeon)

   It protects you from fire.
   It protects you from cold.
   It insulates you from electricity.
   It protects you from poison.
   It protects you from negative energy.
   It affects your resistance to hostile enchantments.
   It provides partial protection from all sources of acid and corrosion.
   It protects you from mutation.
 T - the +2 chain mail of Decompression (worn) {MR+++}
   (You found it in a bailey)

   It affects your resistance to hostile enchantments.
 Z - a +3 buckler of protection (worn)
Jewellery
 d - a +4 amulet of reflection (around neck)
 o - the ring "Mifroffu" (right hand) {rC++ SInv}
   (You bought it in a shop on level 15 of the Dungeon)

   [ring of see invisible]

   It greatly protects you from cold.
   It lets you see invisible.
 r - the ring "Weuzosh" (left hand) {rElec rN++ Dex+3}
   (You bought it in a shop on level 15 of the Dungeon)

   [ring of dexterity]

   It affects your dexterity (+3).
   It insulates you from electricity.
   It greatly protects you from negative energy.
 U - an uncursed amulet of regeneration
Wands
 g - a wand of acid (3)
 m - a wand of flame (11)
 B - a wand of iceblast (7)
 H - a wand of clouds (4)
 N - a wand of enslavement (17)
 Q - a wand of disintegration (23)
 S - a wand of scattershot (4)
Scrolls
 b - 13 scrolls of teleportation
 i - 4 scrolls of blinking
 l - 3 scrolls of magic mapping
 p - 11 scrolls of identify
 q - 7 scrolls of remove curse
 u - 4 scrolls of fear
 y - 5 scrolls of fog
 E - a scroll of immolation
Potions
 c - 9 potions of curing
 j - a potion of brilliance
 k - a potion of cancellation
 x - 2 potions of flight
 z - 2 potions of resistance
 A - 8 potions of ambrosia
 F - 2 potions of berserk rage
 V - 2 potions of invisibility
Miscellaneous
 I - a phial of floods
 X - a lamp of fire
Comestibles
 f - 9 rations


   Skills:
 * Level 16.4 Fighting
   Level 1.7 Staves
 * Level 8.1 Crossbows
 - Level 1.0 Throwing
 * Level 16.2 Armour
 - Level 14.0 Dodging
 - Level 1.0 Stealth
 * Level 9.5 Shields
 - Level 6.9 Spellcasting
   Level 1.7 Charms
   Level 1.0 Summonings
 - Level 1.4 Evocations


You had 28 spell levels left.
You knew the following spells:

 Your Spells              Type           Power        Failure   Level  Hunger
a - Apportation           Tloc           #.....       61%         1    None

Your spell library contained the following spells:

 Spells                   Type           Power        Failure   Level  Hunger
 Infusion                 Chrm           #...         36%         1    None
 Summon Small Mammal      Summ           #...         45%         1    None
 Song of Slaying          Chrm           #.......     50%         2    #......
 Animate Skeleton         Necr           N/A          61%         1    None
 Confusing Touch          Hex            #.....       61%         1    None
 Corona                   Hex            #......      61%         1    None
 Flame Tongue             Conj/Fire      #....        61%         1    None
 Sandblast                Erth           #.....       61%         1    None
 Sting                    Conj/Pois      #...         61%         1    None
 Call Imp                 Summ           #.......     61%         2    #......
 Shroud of Golubria       Chrm/Tloc      #.........   63%         2    #......
 Ensorcelled Hibernation  Hex/Ice        #.....       75%         2    #......
 Passwall                 Tmut/Erth      #.......     75%         2    #......
 Poisonous Vapours        Pois/Air       #.....       75%         2    #......
 Throw Flame              Conj/Fire      #.....       75%         2    #......
 Throw Frost              Conj/Ice       #.....       75%         2    #......
 Call Canine Familiar     Summ           #.......     83%         3    ##.....
 Regeneration             Chrm/Necr      #.........   85%         3    ##.....
 Spectral Weapon          Hex/Chrm       #.......     85%         3    ##.....
 Summon Guardian Golem    Hex/Summ       #.......     88%         3    ##.....
 Confuse                  Hex            #.......     93%         3    ##.....
 Conjure Flame            Conj/Fire      #.......     93%         3    ##.....
 Dazzling Spray           Conj/Hex       #.....       93%         3    ##.....
 Inner Flame              Hex/Fire       #.......     93%         3    ##.....
 Mephitic Cloud           Conj/Pois/Air  #.......     93%         3    ##.....
 Static Discharge         Conj/Air       #.......     93%         3    ##.....
 Stone Arrow              Conj/Erth      #.....       93%         3    ##.....
 Tukima's Dance           Hex            #.......     93%         3    ##.....
 Summon Ice Beast         Ice/Summ       #.......     99%         4    ####...
 Summon Lightning Spire   Summ/Air       #.......     99%         4    ####...
 Ice Form                 Ice/Tmut       #.......     100%        4    ####...
 Olgreb's Toxic Radiance  Pois           #.......     100%        4    ####...
 Petrify                  Tmut/Erth      #.......     100%        4    ####...
 Sticky Flame             Conj/Fire      #.......     100%        4    ####...
 Throw Icicle             Conj/Ice       #.......     100%        4    ####...
 Fireball                 Conj/Fire      #.........   100%        5    ######.
 Iskenderun's Battlesphe  Conj/Chrm      #.......     100%        5    ######.
 Lee's Rapid Deconstruct  Erth           #.........   100%        5    ######.
 Metabolic Englaciation   Hex/Ice        #.........   100%        5    ######.
 Venom Bolt               Conj/Pois      #.........   100%        5    ######.
 Bolt of Cold             Conj/Ice       #.........   100%        6    #######
 Freezing Cloud           Conj/Ice/Air   #.........   100%        6    #######
 Hydra Form               Tmut           #.........   100%        6    #######
 Ozocubu's Refrigeration  Ice            #.........   100%        6    #######
 Simulacrum               Ice/Necr       #.........   100%        6    #######


Dungeon Overview and Level Annotations

Branches:
Dungeon (15/15)            Temple (1/1) D:5            Lair (6/6) D:9
  Swamp (4/4) Lair:4       Spider (4/4) Lair:2        Slime (0/5) Lair:5
    Orc (0/2) D:12         Vaults (1/5) D:14         Depths (0/5) D:15

Altars:
Cheibriados
Dithmenos
Gozag
Makhleb
Nemelex Xobeh
Okawaru
Ru
Sif Muna
Trog
Wu Jian
Xom
Yredelemnul
Zin
The Shining One
Jiyva

Shops:
D:8 ?   D:9 (([*   D:13 *   D:15 [=((

Portals:
Trove: D:14 (give 7 potions of agility)

Annotations:
D:4 Duvessa
Lair:2 3 runed translucent doors, Tutankhamun's ghost, journeyman OgTm
Swamp:2 exclusion: upstairs


Innate Abilities, Weirdness & Mutations

You have hooves in place of feet.
You are mostly covered in slimy green scales. (AC +3)
A powerful demonic guardian rushes to your aid.
You resist negative energy. (rN+)
You are completely covered in sharp spines.


Message History

Your reaper disappears in a puff of smoke!
The deep elf knight is too close now for your liking.
You bludgeon the deep elf knight!!
Your weapon exudes an aura of protection.
You kick the deep elf knight!!
The deep elf knight is almost dead.
You block the deep elf knight's attack.
The deep elf knight hits you but does no damage.
A rakshasa comes into view. It is wielding a -1 trident.
You closely miss the deep elf knight. Your kick misses the deep elf knight.
The deep elf knight is almost dead.
The deep elf knight hits you with a +0 short sword!
* * * LOW HITPOINT WARNING * * *
The rakshasa blinks!
You miss the deep elf knight. You kick the deep elf knight!
The deep elf knight is almost dead.
The deep elf knight casts a spell at you.
The stone arrow hits you!
You die...
Your body crumbles into a pile of gold.

....# #....∩.# ....# #......#
....# #......# ....# #......# $
....# #....).# ....#
################ ....#
#R.......# ....# #....e.§.#
....# #..#@#.### ....#
#..#.#.#.# ### ....#
#)Z###.#.#### ....
##)##########))#........##$.$..
.))O........'..###.###$.$.$....
............'..#)#.#..).#......
...........O'..#.#####..# ...$.
............#........#..# ....
....cC..O...##########..# ...


You could see a rakshasa and a deep elf knight.

Vanquished Creatures
  Kirke (Lair:4)
  4 ghost moths
  Aizul (Spider:4)
  5 emperor scorpions
  2 entropy weavers (Spider:2)
  2 ironheart preservers (Vaults:1)
  A fire dragon (Vaults:1)
  A vault guard (D:14)
  Erolcha (D:11)
  18 hydras
  Harold (Lair:2)
  2 catoblepae
  2 shambling mangroves
  3 centaur warriors
  A death knight (Vaults:1)
  3 tengu warriors
  6 alligators
  A deep troll earth mage (Vaults:1)
  A deep troll shaman (Vaults:1)
  A queen ant (Spider:2)
  6 death yaks
  2 two-headed ogres
  Urug (Lair:2)
  6 spriggans
  7 skeletal warriors
  A wizard (D:14)
  2 spriggan druids
  An unseen horror (D:14)
  2 deep trolls (Vaults:1)
  5 swamp dragons
  3 orc knights
  A deep elf mage (D:15)
  3 necromancers (D:14)
  2 lindwurms
  13 orb spiders
  6 ugly things
  24 wolf spiders
  2 orc sorcerers (Vaults:1)
  2 moths of wrath
  2 cyclopes
  20 elephants
  A stone giant zombie (Vaults:1)
  2 manticores
  Joseph (D:8)
  3 gargoyles
  Psyche (D:8)
  2 vault sentinels (Vaults:1)
  4 black mambas
  3 torpor snails
  2 centaur skeletons
  8 spiny frogs
  3 rime drakes (Lair:5)
  5 komodo dragons
  A freezing wraith (Vaults:1)
  2 yaktaurs (Vaults:1)
  A tengu conjurer (D:13)
  A queen bee (Lair:5)
  8 demonic crawlers
  An efreet (D:13)
  7 meliai
  2 trolls
  24 jumping spiders
  A merfolk (D:9)
  11 tyrant leeches
  6 hippogriffs
  17 hornets
  8 slime creatures
  10 blink frogs
  A blink frog (shapeshifter) (D:15)
  5 dream sheep (Lair:5)
  A meliai zombie (D:13)
  Sigmund (D:3)
  45 redbacks
  21 tarantellas
  3 vampires
  A tarantella (shapeshifter) (D:15)
  2 shadows
  58 yaks
  3 wyverns
  3 hogs (Lair:4)
  11 humans (D:14)
  4 vampire mosquitoes (Swamp:3)
  A hungry ghost (D:6)
  5 basilisks
  11 swamp worms
  Menkaure (D:4)
  A warg (Vaults:1)
  6 insubstantial wisps (Swamp:2)
  3 acid dragons
  6 soldier ants (Spider:2)
  Edmund (D:5)
  10 porcupines
  12 water moccasins
  3 swamp drakes
  2 ice beasts
  A human zombie (Vaults:1)
  22 orc warriors
  3 black bears
  An eye of draining (D:15)
  3 sky beasts
  25 wolves
  13 centaurs
  3 phantoms
  11 ogres
  5 boggarts (D:15)
  5 crocodiles
  28 bullfrogs
  A gnoll sergeant (D:9)
  A water moccasin zombie (D:6)
  A wyvern zombie (D:9)
  3 scorpions
  53 killer bees
  3 wights (D:13)
  5 electric eels
  3 howler monkeys
  3 centaur zombies
  6 crimson imps
  A quasit (D:9)
  2 bullfrog zombies
  4 bullfrog skeletons
  8 hounds
  3 jellies
  6 orc priests
  15 orc wizards
  A gnoll shaman (D:9)
  2 iguanas (D:11)
  17 worker ants
  6 hell rats (Lair:6)
  A killer bee zombie (D:9)
  A hound zombie (D:8)
  4 mummies (Ossuary)
  Robin (D:2)
  A worker ant zombie (D:11)
  13 gnolls
  9 adders
  5 shadow imps
  2 oozes
  An adder zombie (D:6)
  A worm (D:6)
  5 dart slugs
  10 leopard geckos
  58 orcs
  2 ball pythons
  3 giant cockroaches
  18 goblins
  13 hobgoblins
  9 jackals
  2 quokkas
  8 bats
  8 frilled lizards
  5 gnoll skeletons (Ossuary)
  6 gnoll zombies (Ossuary)
  2 goblin skeletons (Ossuary)
  4 goblin zombies (Ossuary)
  4 hobgoblin skeletons (Ossuary)
  4 hobgoblin zombies (Ossuary)
  4 kobolds
  6 kobold skeletons (Ossuary)
  2 kobold zombies (Ossuary)
  4 orc skeletons (Ossuary)
  6 orc zombies (Ossuary)
  A quokka skeleton (D:5)
  7 rats
  4 rat skeletons (Ossuary)
  3 rat zombies (Ossuary)
  A butterfly (Lair:1)
1026 creatures vanquished.

Vanquished Creatures (collateral kills)
  Jorgrun (Spider:1)
  A deep elf sorcerer (Vaults:1)
  3 emperor scorpions (Spider:4)
  An ironheart preserver (Vaults:1)
  An entropy weaver (Spider:2)
  A dire elephant (Lair:6)
  5 hydras
  A vault guard (D:14)
  A centaur warrior (D:13)
  A ghost crab (Swamp:4)
  A shambling mangrove (Swamp:4)
  4 two-headed ogres
  3 death yaks (Lair:6)
  An ogre mage (Vaults:1)
  A deep troll shaman (Lair:6)
  An unseen horror (D:15)
  3 skeletal warriors (D:11)
  4 deep trolls (Vaults:1)
  4 swamp dragons
  Pikel (D:5)
  A necromancer (Vaults:1)
  2 lindwurms (Swamp:4)
  2 orc knights
  A wizard (D:14)
  A wolf spider (shapeshifter) (Vaults:1)
  A deep elf mage (D:12)
  A cyclops (shapeshifter) (D:15)
  2 orb spiders (Spider:1)
  A wolf spider (Spider:1)
  A manticore (D:14)
  9 ugly things
  4 elephants
  A cyclops (D:12)
  A frost giant skeleton (Vaults:1)
  A spiny frog (Lair:1)
  3 demonic crawlers (Spider:1)
  A tengu conjurer (D:14)
  5 jumping spiders (Spider:1)
  A tyrant leech (Swamp:2)
  Prince Ribbit (D:8)
  2 hornets (Swamp:4)
  A blink frog (Lair:1)
  A slime creature (D:15)
  2 hippogriffs
  2 tarantellas (Spider:1)
  A centaur simulacrum (D:15)
  A spriggan (Swamp:2)
  5 redbacks (Spider:1)
  6 humans (D:14)
  8 yaks
  A basilisk (Lair:1)
  A swamp worm (Swamp:4)
  A soldier ant (Spider:2)
  3 orc warriors
  2 sky beasts
  2 ogres (Vaults:1)
  2 human skeletons (Vaults:1)
  3 wolves
  4 centaurs
  A crocodile (Lair:6)
  A bullfrog (Lair:3)
  Dowan (D:4)
  A killer bee (Spider:3)
  2 crimson imps
  2 orc wizards
  2 orc priests (D:4)
  An iguana (D:4)
  A worker ant (D:5)
  2 adders
  2 orcs
  A ball python (D:4)
144 creatures vanquished.

Vanquished Creatures (others)
  A wizard (Vaults:1)
  A queen bee (Spider:3)
  Eustachio (D:5)
  A howler monkey (D:5)
  An orc priest (Vaults:1)
  An adder (D:5)
  2 bushes (Lair:4)
  2 fungi (Lair:5)
  13 plants
  4 toadstools (D:9)
27 creatures vanquished.

Grand Total: 1197 creatures vanquished

Notes
Turn   | Place    | Note
-------+----------+-------------------------------------------
     0 | D:1      | Chiseanne the Demonspawn Wanderer began the quest for the
                  | Orb.
     0 | D:1      | Chiseanne set off with the following items: a +2
                  | quarterstaff, a scroll of teleportation, a potion of
                  | curing, a +0 robe, a ration
     0 | D:1      | Reached XP level 1. HP: 16/16 MP: 1/1
   274 | D:1      | Gained mutation: You are partially covered in slimy green
                  | scales. (AC +2) [demonic ancestry]
   274 | D:1      | Reached XP level 2. HP: 21/23 MP: 2/2
   285 | D:1      | Reached skill level 1 in Dodging
   628 | D:1      | Reached skill level 1 in Armour
   628 | D:1      | Gained mutation: A weak demonic guardian rushes to your
                  | aid. [demonic ancestry]
   628 | D:1      | Reached XP level 3. HP: 28/28 MP: 3/3
   977 | D:2      | Noticed Robin
   985 | D:2      | Killed Robin
   995 | D:2      | HP: 1/29 [hobgoblin/+0 club[Robin] (2)]
   998 | D:2      | Gained mutation: You are mostly covered in slimy green
                  | scales. (AC +3) [demonic ancestry]
   998 | D:2      | Reached XP level 4. HP: 15/35 MP: 4/4
  2183 | D:3      | Gained mutation: You have large cloven feet. [demonic
                  | ancestry]
  2183 | D:3      | Reached XP level 5. HP: 41/41 MP: 5/5
  2450 | D:3      | Noticed Sigmund
  2468 | D:3      | Killed Sigmund
  2468 | D:3      | Reached XP level 6. HP: 38/48 MP: 6/6
  3207 | D:4      | Noticed Dowan
  3208 | D:4      | Noticed Menkaure
  3210 | D:4      | Noticed Duvessa
  3228 | D:4      | Gained mutation: You have hoof-like feet. [demonic
                  | ancestry]
  3228 | D:4      | Reached XP level 7. HP: 55/55 MP: 7/7
  3452 | D:4      | Killed Dowan
  3680 | D:4      | Killed Menkaure
  3680 | D:4      | Reached skill level 5 in Fighting
  4070 | D:4      | Found a deep blue altar of Sif Muna.
  4070 | D:4      | Found a sparkling altar of Nemelex Xobeh.
  4255 | D:4      | Found an iron altar of Okawaru.
  4758 | D:5      | Entered Level 5 of the Dungeon
  4784 | D:5      | Reached XP level 8. HP: 57/64 MP: 8/8
  4795 | D:5      | Noticed Edmund
  4796 | D:5      | Noticed Eustachio
  4803 | D:5      | Noticed Pikel
  5181 | D:5      | Found a deep blue altar of Sif Muna.
  5282 | D:5      | Found a staircase to the Ecumenical Temple.
  5300 | Temple   | Entered the Ecumenical Temple
  5400 | Temple   | Became a worshipper of Gozag Ym Sagoz the Greedy
  5477 | D:5      | Killed Edmund
  5477 | D:5      | Reached skill level 5 in Armour
  5477 | D:5      | Reached skill level 5 in Dodging
  5593 | D:5      | Killed Pikel
  5629 | D:5      | Killed Eustachio
  5712 | D:5      | Found a glowing golden altar of the Shining One.
  6329 | D:6      | Found a sacrificial altar of Ru.
  6385 | D:6      | Found a sand-covered staircase.
  6388 | D:6      | Gained mutation: You have hooves in place of feet. [demonic
                  | ancestry]
  6388 | D:6      | Reached XP level 9. HP: 72/72 MP: 9/9
  6399 | Ossuary  | Entered an ossuary
  7317 | D:7      | Got a pair of distressingly furry gloves
  7324 | D:7      | Identified the +1 pair of gloves of Subjectivity {Str-2
                  | Dex+7} (You found it on level 7 of the Dungeon)
  7695 | D:8      | Noticed Prince Ribbit
  7706 | D:8      | Killed Prince Ribbit
  7739 | D:8      | Noticed Psyche
  7757 | D:8      | Killed Psyche
  7970 | D:8      | Bought a scroll of enchant weapon for 97 gold pieces
  7970 | D:8      | Bought 3 scrolls of enchant weapon for 292 gold pieces
  7970 | D:8      | Bought a scroll of identify for 26 gold pieces
  8187 | D:8      | Noticed Joseph
  8207 | D:8      | Killed Joseph
  8516 | D:9      | Gained mutation: You are partially covered in sharp spines.
                  | [demonic ancestry]
  8516 | D:9      | Reached XP level 10. HP: 63/82 MP: 10/10
  8638 | D:9      | Noticed a two-headed ogre
  8825 | D:9      | Noticed a death yak
  8827 | D:9      | Noticed a death yak
  8828 | D:9      | Noticed a death yak
  8926 | D:9      | Killed a two-headed ogre
  9022 | D:9      | Found Gihi's Assorted Antiques.
  9030 | D:9      | Bought a crude chain mail for 218 gold pieces
  9030 | D:9      | Bought 2 pink potions for 41 gold pieces
  9042 | D:9      | Identified the +7 chain mail "Ypleid" {rC+ MR- Dex+4} (You
                  | bought it in a shop on level 9 of the Dungeon)
  9064 | D:9      | Found a shadowy altar of Dithmenos.
  9141 | D:9      | Found a staircase to the Lair.
  9413 | D:9      | Noticed a death yak
  9413 | D:9      | Noticed a death yak
  9421 | Lair:1   | Entered Level 1 of the Lair of Beasts
  9422 | Lair:1   | Noticed a spiny frog
  9435 | Lair:1   | Noticed a black mamba
  9439 | Lair:1   | Killed a black mamba
  9493 | Lair:1   | Noticed a five-headed hydra
  9499 | Lair:1   | Killed a five-headed hydra
  9559 | Lair:1   | Killed a spiny frog
  9559 | Lair:1   | Reached skill level 10 in Fighting
  9863 | Lair:1   | Gained mutation: You are mostly covered in sharp spines.
                  | [demonic ancestry]
  9863 | Lair:1   | Reached XP level 11. HP: 74/90 MP: 11/11
 10019 | Lair:1   | Killed a death yak
 10633 | Lair:2   | Noticed Harold
 10656 | Lair:2   | Killed Harold
 10693 | Lair:2   | Found a hole to the Spider Nest.
 10715 | Lair:2   | Got a slimy hand axe
 10726 | Lair:2   | Identified a scroll of acquirement
 10728 | Lair:2   | Identified the +8 hand axe of Honour {chop, rC+ rN+ Int+3}
                  | (You found it on level 2 of the Lair of Beasts)
 10808 | Lair:2   | Reached skill level 10 in Dodging
 11149 | Lair:2   | Found a runed translucent gate.
 11150 | Lair:2   | Found a runed translucent gate.
 11151 | Lair:2   | Found a runed translucent gate.
 11151 | Lair:2   | Noticed Tutankhamun's ghost (journeyman OgTm)
 11153 | Lair:2   | Reached skill level 10 in Armour
 11209 | Lair:2   | Noticed Urug
 11222 | Lair:2   | Killed Urug
 11556 | D:9      | Killed a death yak
 11563 | D:9      | Killed a death yak
 11571 | D:9      | Killed a death yak
 11571 | D:9      | Reached XP level 12. HP: 66/100 MP: 12/12
 11579 | D:9      | Killed a death yak
 12177 | D:9      | Bought the -2 hat of the Alchemist {rElec rPois rF+ rC+ rN+
                  | MR+ rMut rCorr} for 802 gold pieces
 12177 | D:9      | Found the -2 hat of the Alchemist {rElec rPois rF+ rC+ rN+
                  | MR+ rMut rCorr}
 12177 | D:9      | Bought a +0 pair of gloves of archery for 195 gold pieces
 12227 | D:10     | Entered Level 10 of the Dungeon
 12676 | D:10     | Got an aquamarine-encrusted leather armour
 12732 | D:10     | Identified the +2 leather armour "Nucemy" {*Slow rC++
                  | Str+4} (You found it on level 10 of the Dungeon)
 12781 | D:10     | Noticed a death yak
 13153 | D:10     | Killed a death yak
 13698 | D:8      | Bought a scroll of blinking for 97 gold pieces
 13698 | D:8      | Bought a scroll of teleportation for 39 gold pieces
 13698 | D:8      | Bought a scroll of fear for 45 gold pieces
 13698 | D:8      | Bought a scroll of holy word for 97 gold pieces
 13698 | D:8      | Bought a scroll of fear for 45 gold pieces
 13698 | D:8      | Bought a scroll of enchant armour for 97 gold pieces
 13698 | D:8      | Bought a scroll of blinking for 97 gold pieces
 13698 | D:8      | Bought a scroll of fog for 26 gold pieces
 13698 | D:8      | Bought a scroll of fog for 26 gold pieces
 13859 | Lair:3   | Noticed an eight-headed hydra
 13871 | Lair:3   | Killed an eight-headed hydra
 14459 | Lair:3   | Gained mutation: You are completely covered in sharp
                  | spines. [demonic ancestry]
 14459 | Lair:3   | Reached XP level 13. HP: 65/109 MP: 13/13
 15284 | Lair:4   | Found a staircase to the Swamp.
 15307 | Lair:4   | Got a scorched battleaxe
 15308 | Lair:4   | Identified the +5 battleaxe of the Spider {freeze, Int+3}
                  | (You found it on level 4 of the Lair of Beasts)
 15797 | Lair:4   | Noticed Kirke
 15815 | Lair:4   | Killed Kirke
 16449 | Lair:5   | Got an ichor-stained morningstar
 16450 | Lair:5   | Identified the +8 morningstar of Annihilation {crush, rElec
                  | rPois MR+ Str-2} (You found it on level 5 of the Lair of
                  | Beasts)
 16960 | Lair:5   | Found a staircase to the Slime Pits.
 16961 | Lair:5   | Found a viscous altar of Jiyva.
 17865 | Lair:5   | HP: 1/112 [meliai/divine providence (13)]
 17880 | Lair:5   | Gained mutation: A demonic guardian rushes to your aid.
                  | [demonic ancestry]
 17880 | Lair:5   | Reached XP level 14. HP: 19/120 MP: 14/14
 17884 | Lair:5   | HP: 6/120 [crocodile (12)]
 18571 | Lair:6   | Entered Level 6 of the Lair of Beasts
 20030 | D:9      | Bought a potion of flight for 69 gold pieces
 20030 | D:9      | Bought a scroll of teleportation for 69 gold pieces
 20030 | D:9      | Bought a scroll of remove curse for 69 gold pieces
 20030 | D:9      | Bought a scroll of teleportation for 69 gold pieces
 20030 | D:9      | Bought 2 potions of curing for 138 gold pieces
 20030 | D:9      | Bought a brass ring for 115 gold pieces
 20030 | D:9      | Bought a scroll of identify for 46 gold pieces
 20677 | D:11     | Noticed Erolcha
 20684 | D:11     | Killed Erolcha
 21118 | D:11     | Found a burning altar of Makhleb.
 21539 | D:12     | Found a flagged portal.
 21548 | Bailey   | Entered a bailey
 21587 | Bailey   | Identified Kiteh's Grimoire of Transmutation and Combat
                  | Magic
 22200 | Bailey   | Got a faintly humming chain mail
 22202 | Bailey   | Identified the +2 chain mail of Decompression {MR+++} (You
                  | found it in a bailey)
 22290 | D:12     | Found a staircase to the Orcish Mines.
 22978 | D:13     | Found Zuofit's Assorted Antiques.
 22982 | D:13     | Bought a scroll of identify for 56 gold pieces
 22982 | D:13     | Bought a potion of heal wounds for 140 gold pieces
 22982 | D:13     | Bought a scroll of identify for 56 gold pieces
 22982 | D:13     | Bought 2 fuming white potions for 50 gold pieces
 23006 | D:13     | Reached skill level 15 in Fighting
 23928 | D:14     | Gained mutation: You resist negative energy. (rN+) [demonic
                  | ancestry]
 23928 | D:14     | Reached XP level 15. HP: 117/129 MP: 15/15
 24148 | D:14     | Reached skill level 1 in Shields
 24539 | D:14     | Found a gate to the Vaults.
 24885 | D:14     | Found a portal to a secret trove of treasure.
 25180 | D:15     | Entered Level 15 of the Dungeon
 25180 | D:15     | Found a shadowy altar of Dithmenos.
 26382 | D:15     | Found a staircase to the Depths.
 26523 | D:15     | Bought a +4 amulet of reflection for 351 gold pieces
 26524 | D:15     | Bought the ring "Mifroffu" {rC++ SInv} for 513 gold pieces
 26564 | D:15     | Bought the ring "Weuzosh" {rElec rN++ Dex+3} for 522 gold
                  | pieces
 26903 | D:15     | Bought a shimmering hand crossbow for 272 gold pieces
 26903 | D:15     | Bought a transparent morningstar for 288 gold pieces
 26912 | D:15     | Identified the +10 hand crossbow "Jomy" {elec, Int+3} (You
                  | bought it in a shop on level 15 of the Dungeon)
 26917 | D:15     | Identified the +3 morningstar of the Brain {holy, +Inv
                  | rElec Int-3 Dex+2} (You bought it in a shop on level 15 of
                  | the Dungeon)
 27164 | Spider:1 | Entered Level 1 of the Spider Nest
 27177 | Spider:1 | Reached skill level 1 in Spellcasting
 27521 | Spider:1 | Reached skill level 1 in Crossbows
 27575 | Spider:1 | Reached skill level 5 in Shields
 28237 | Spider:1 | Noticed Jorgrun
 28244 | Spider:1 | Killed Jorgrun
 28253 | Spider:1 | Gained mutation: A powerful demonic guardian rushes to your
                  | aid. [demonic ancestry]
 28253 | Spider:1 | Reached XP level 16. HP: 138/138 MP: 20/20
 29234 | Spider:2 | Reached skill level 15 in Armour
 32432 | Spider:4 | Entered Level 4 of the Spider Nest
 32515 | Spider:4 | Reached skill level 5 in Spellcasting
 32981 | Spider:4 | Reached skill level 5 in Crossbows
 33077 | Spider:4 | Noticed Aizul
 33095 | Spider:4 | Killed Aizul
 33415 | Spider:4 | Got a blackened buckler
 33426 | Spider:4 | Identified the +2 buckler of the Lonely Planets {rElec rF+
                  | Str+3 Int+7} (You found it on level 4 of the Spider Nest)
 35051 | Spider:4 | Got a gossamer rune of Zot
 35329 | Swamp:1  | Entered Level 1 of the Swamp
 35467 | Swamp:1  | Reached XP level 17. HP: 133/144 MP: 26/26
 37161 | Swamp:3  | Learned a level 1 spell: Apportation
 37804 | Swamp:4  | Entered Level 4 of the Swamp
 38859 | Swamp:4  | Got a decaying rune of Zot
 39377 | D:15     | Bought a steaming chain mail for 275 gold pieces
 39381 | D:15     | Identified the +2 chain mail of Vof Dyuj {rPois} (You
                  | bought it in a shop on level 15 of the Dungeon)
 39499 | Vaults:1 | Entered Level 1 of the Vaults
 40702 | Vaults:1 | HP: 5/145 [deep elf knight/+0 short sword (14)]
 40703 | Vaults:1 | Killed from afar by a deep elf knight

Skill      XL: |  1  2  3  4  5  6  7  8  9 10 11 12 13 14 15 16 17 |
---------------+----------------------------------------------------+-----
Dodging        | 1 2 3 4 6 7 9 10 11 12 13 14 | 14.0
Armour         | 1 2 3 4 5 7 8 10 11 12 13 14 15 16 | 16.2
Fighting       | 3 4 5 7 8 10 11 12 14 15 16 | 16.4
Shields        | 5 8 9 |  9.5
Spellcasting   | 2 6 |  6.9
Crossbows      | 2 6 8 |  8.1
Staves         | |  1.7
Throwing       | |  1.0
Stealth        | |  1.0
Charms         | |  1.7
Summonings     | |  1.0
Evocations     | |  1.4

Action                   |  1- 3 |  4- 6 |  7- 9 | 10-12 | 13-15 | 16-18 || total
-------------------------+-------+-------+-------+-------+-------+-------++-------
Melee: Quarterstaff      |   104 |   146 |   336 |       |       |       ||   586
       Kick              |       |    24 |   126 |   214 |   522 |   542 ||  1428
       Flail             |       |       |   107 |   414 |  1022 |  1075 ||  2618
       Hand axe          |       |       |       |    12 |       |       ||    12
       Battleaxe         |       |       |       |       |    17 |       ||    17
       Unarmed           |       |       |       |       |     6 |       ||     6
 Fire: Hand crossbow     |       |       |       |       |     2 |    15 ||    17
Throw: Stone             |       |       |       |     1 |       |       ||     1
Invok: Call Merchant     |       |       |     1 |     3 |     3 |     1 ||     8
       Potion Petition   |       |       |       |       |     1 |       ||     1
Evoke: Wand              |       |     1 |    10 |     9 |    27 |    37 ||    84
       Phial of floods   |       |       |       |       |     1 |     1 ||     2
       Lamp of fire      |       |       |       |       |     1 |     2 ||     3
  Use: Scroll            |     5 |     4 |    18 |    12 |    16 |    12 ||    67
       Potion            |     1 |     2 |     1 |     6 |     6 |    11 ||    27
 Stab: Distracted        |       |       |     2 |    11 |    20 |    17 ||    50
       Invisible         |       |       |       |       |     6 |     2 ||     8
       Petrified         |       |       |       |       |     4 |       ||     4
       Held in net/web   |       |       |       |       |     1 |       ||     1
  Eat: Chunk             |       |     8 |     3 |       |       |       ||    11
       Ration            |       |       |     7 |     6 |    12 |    12 ||    37
Armor: Robe              |    17 |       |       |       |       |       ||    17
       Ring mail         |    44 |    54 |   155 |       |       |       ||   253
       Leather armour    |       |       |    15 |     8 |       |       ||    23
       Chain mail        |       |       |       |   423 |   930 |   972 ||  2325
Dodge: Dodged            |    78 |    98 |   326 |   390 |  1132 |  1125 ||  3149
Block: Buckler           |       |       |       |       |   326 |  1338 ||  1664
       Reflection        |       |       |       |       |       |     8 ||     8
